 Dungeon Crawl Stone Soup version 0.28-a0-828-g0121872642 (webtiles) character file.

Game seed: 4586160400859666091

14993 BinderThree the Basher (level 11, -7/87 HPs)
             Began as a Demonspawn Berserker on Nov 8, 2021.
             Was a High Priest of Trog.
             Killed from afar by a burning bush (14 damage)
             ... with a puff of flame
             ... on level 2 of the Lair of Beasts on Nov 10, 2021.
             The game lasted 00:37:39 (12362 turns).

BinderThree the Basher (Demonspawn Berserker)      Turns: 12362, Time: 00:37:40

Health: -7/87      AC: 11    Str: 22    XL:     11   Next: 96%
Magic:  0/11       EV: 17    Int:  8    God:    Trog [*****.]
Gold:   627        SH:  0    Dex: 18    Spells: 10/10 levels left

rFire   . . .      SeeInvis .   u - +8 flail (protect)
rCold   + . .      Faith    .   (no shield)
rNeg    . . .      Spirit   +   p - +3 scale mail {rC+}
rPois   .          Reflect  .   (helmet restricted)
rElec   .          Harm     .   (no cloak)
rCorr   .          Rampage  .   (no gloves)
Will    .....                   (no boots)
Stlth   +.........              c - amulet of guardian spirit
HPRegen 0.24/turn               d - +6 ring of dexterity
MPRegen 0.12/turn               j - +4 ring of evasion

@: no status effects
A: antennae 2, hooves 2, icemail 1, spiny 1, condensation shield
a: Renounce Religion, Berserk, Trog's Hand, Brothers in Arms


You were on level 2 of the Lair of Beasts.
You worshipped Trog.
Trog was extremely pleased with you.
You visited 2 branches of the dungeon, and saw 12 of its levels.

You collected 837 gold pieces.
You spent 210 gold pieces at shops.

Inventory:

Hand Weapons
 a - a +1 hand axe
 o - a +2 morningstar
 u - a +8 flail of protection (weapon)
Missiles
 E - 2 throwing nets (quivered)
Armour
 b - a +1 animal skin
 p - a +3 scale mail of cold resistance (worn)
Jewellery
 c - an amulet of guardian spirit (around neck)
 d - a +6 ring of dexterity (left hand)
 e - a ring of poison resistance
 h - an amulet of magic regeneration
 j - a +4 ring of evasion (right hand)
 y - a ring of protection from fire
Wands
 k - a wand of charming (10)
 n - a wand of iceblast (12)
 F - a wand of mindburst (12)
Scrolls
 g - a scroll of magic mapping
 i - 3 scrolls of teleportation
 l - 3 scrolls of identify
 q - a scroll of vulnerability
 s - a scroll of summoning
 B - a scroll of silence
 C - a scroll of fear
 D - a scroll of enchant weapon
Potions
 f - a potion of attraction
 m - 4 potions of curing
 r - a potion of flight
 t - 2 potions of brilliance
 v - a potion of heal wounds
 w - a potion of invisibility
 x - 3 potions of mutation
 z - 3 potions of cancellation
 A - 2 potions of berserk rage


   Skills:
 + Level 8.4 Fighting
 + Level 6.4(9.6) Axes
 + Level 11.0(11.8) Maces & Flails
 + Level 7.5 Armour
 + Level 5.9 Dodging
 + Level 4.1 Stealth
 + Level 3.6 Shields


You had 10 spell levels left.
You didn't know any spells.
Your spell library was empty.

Dungeon Overview and Level Annotations

Branches:
Dungeon (10/15)            Temple (0/1) D:7            Lair (2/6) D:10
  Swamp: Lair:2-4    Shoals: Lair:2-4     Snake: Lair:2-4    Spider: Lair:2-4
    Orc: D:9-12

Altars:
Ashenzari
Fedhas
Gozag
Hepliaklqana
Kikubaaqudgha
Nemelex Xobeh
Ru
Sif Muna
Vehumet
Wu Jian
Xom
Yredelemnul
Zin

Shops:
D:5 ?   D:8 =   D:9 =


Innate Abilities, Weirdness & Mutations

You have a pair of antennae on your head.
You have hoof-like feet.
A meltable icy envelope protects you from harm. (AC +0)
You are partially covered in sharp spines.
A meltable shield of frost defends you. (SH +0)


Message History

The cane toad stings you but does no damage.
You hit the cane toad. You kick the cane toad.
You kill the cane toad!
Trog accepts your kill.
A nearby fungus withers and dies.
The burning bush throws fire at you.
The puff of flame hits you but does no damage.
The burning bush throws fire at you. The puff of flame misses you.
The burning bush throws fire at you.
The puff of flame hits you but does no damage.
The burning bush throws fire at you. The puff of flame misses you.
The burning bush throws fire at you. The puff of flame hits you.
The burning bush throws fire at you. The puff of flame misses you.
The burning bush throws fire at you. The puff of flame hits you!
* * * LOW HITPOINT WARNING * * *
The burning bush throws fire at you. The puff of flame hits you!
* * * LOW HITPOINT WARNING * * *
The burning bush throws fire at you. The puff of flame hits you.
* * * LOW HITPOINT WARNING * * *
The burning bush throws fire at you. The puff of flame hits you.
* * * LOW HITPOINT WARNING * * *
The burning bush throws fire at you.
The puff of flame hits you but does no damage.
The burning bush throws fire at you.
The puff of flame hits you but does no damage.
The burning bush throws fire at you. The puff of flame hits you.
* * * LOW HITPOINT WARNING * * *
There is a stone staircase leading up here.
The burning bush throws fire at you. The puff of flame hits you!
You die...

............##
..P....P.....#
#.P...P......#
#...P........##
P.P...#...P.P.#
...#..?.†#...#
.P.........P.#
......<......#
..#.[>8@..#.P#
......<..[...#
....).........#
...#.....#...##
P.....#...P..#
....P...P.....#
..P...P...P####
.....#######


You could see 6 burning bushes.

Vanquished Creatures
  Gastronok (D:10)
  2 hydras (Lair:1)
  5 two-headed ogres
  The ghost of AttackTheMoon the Skirmisher, a novice TrBe of Trog (D:8)
  Pikel (D:6)
  A black mamba (Lair:1)
  A kobold demonologist (D:8)
  A komodo dragon (Lair:1)
  3 cane toads
  A rime drake (Lair:2)
  2 trolls (D:10)
  Grinder (D:3)
  A meliai zombie (D:10)
  A wraith (D:9)
  Edmund (D:6)
  5 water moccasins
  A sky beast (D:6)
  An ice beast (D:4)
  A black bear (D:5)
  2 orc warriors
  4 ogres (D:6)
  5 wolves (Lair:1)
  6 centaurs
  A phantom (D:3)
  5 bullfrogs
  13 kobold brigands
  4 scorpions
  2 gnoll sergeants (D:9)
  A water moccasin zombie (D:6)
  5 wights (D:9)
  6 howler monkeys
  A bullfrog zombie (D:6)
  4 centaur zombies
  4 hounds
  4 orc priests
  Crazy Yiuf (D:4)
  4 jellies
  A centaur skeleton (D:5)
  2 iguanas
  Natasha (thrice) (D:3)
  6 orc wizards
  Terence (D:3)
  A hound skeleton (D:4)
  2 howler monkey zombies
  Robin (D:3)
  10 gnolls
  9 adders
  2 white imps (D:5)
  An ufetubus (D:5)
  An adder zombie (D:5)
  2 worms
  3 dart slugs
  27 orcs
  7 ball pythons
  4 bats
  6 endoplasms
  4 giant cockroaches
  16 goblins
  8 hobgoblins
  22 kobolds
  2 quokkas
  3 frilled lizards
  2 rats
  A butterfly (D:7)
250 creatures vanquished.

Vanquished Creatures (others)
  2 orcs (D:4)
  5 fungi
  8 plants
15 creatures vanquished.

Grand Total: 265 creatures vanquished

Notes
Turn   | Place    | Note
-------+----------+-------------------------------------------
     0 | D:1      | BinderThree the Demonspawn Berserker began the quest for
                  | the Orb.
     0 | D:1      | Reached XP level 1. HP: 18/18 MP: 1/1
   381 | D:1      | Gained mutation: You are partially covered in sharp spines.
                  | [demonic ancestry]
   381 | D:1      | Reached XP level 2. HP: 16/24 MP: 2/2
   422 | D:1      | Found a faded altar of an unknown god.
   742 | D:1      | Discovered your monstrous ancestry.
   742 | D:1      | Gained mutation: You have a pair of small antennae on your
                  | head. [demonic ancestry]
   742 | D:1      | Reached XP level 3. HP: 29/29 MP: 3/3
  2455 | D:3      | Reached ** piety under Trog
  2484 | D:3      | Found a sacrificial altar of Ru.
  2552 | D:3      | Noticed Natasha
  2560 | D:3      | Killed Natasha
  2561 | D:3      | Gained mutation: You have large cloven feet. [demonic
                  | ancestry]
  2561 | D:3      | Reached XP level 4. HP: 36/36 MP: 4/4
  2719 | D:3      | Noticed Robin
  2728 | D:3      | Killed Robin
  2729 | D:3      | Reached skill level 1 in Stealth
  2823 | D:3      | Noticed a phantom
  2841 | D:3      | Killed a phantom
  2842 | D:3      | Gained mutation: A meltable shield of frost defends you.
                  | (SH +0) [demonic ancestry]
  2842 | D:3      | Reached XP level 5. HP: 28/42 MP: 3/5
  2958 | D:3      | You fall into a shaft and drop 1 floor!
  2965 | D:4      | Noticed an ice beast
  2972 | D:4      | Killed an ice beast
  2973 | D:4      | Gained mutation: You have hoof-like feet. [demonic
                  | ancestry]
  2973 | D:4      | Reached XP level 6. HP: 48/48 MP: 6/6
  3044 | D:4      | Reached skill level 5 in Axes
  3234 | D:3      | Found a blossoming altar of Fedhas.
  3389 | D:3      | Noticed Terence
  3399 | D:3      | Killed Terence
  3603 | D:3      | Noticed Natasha
  3610 | D:3      | Killed Natasha
  3823 | D:3      | Noticed Natasha
  3829 | D:3      | Killed Natasha
  3976 | D:3      | Noticed Grinder
  3977 | D:3      | Paralysed by Grinder for 7 turns
  4000 | D:3      | Killed Grinder
  4001 | D:3      | Reached XP level 7. HP: 40/54 MP: 5/7
  4058 | D:4      | Found an ancient bone altar of Kikubaaqudgha.
  4077 | D:4      | Found a basalt altar of Yredelemnul.
  4147 | D:4      | Found a shimmering blue altar of Sif Muna.
  4521 | D:4      | Found a shimmering altar of Xom.
  4570 | D:4      | Found a runed translucent door.
  4571 | D:4      | Noticed Crazy Yiuf
  4779 | D:4      | Killed Crazy Yiuf
  4887 | D:5      | Entered Level 5 of the Dungeon
  4998 | D:5      | Reached *** piety under Trog
  5021 | D:5      | Reached skill level 1 in Maces & Flails
  5026 | D:5      | Reached XP level 8. HP: 46/61 MP: 6/8
  5138 | D:5      | Reached skill level 2 in Maces & Flails
  5465 | D:5      | Reached skill level 3 in Maces & Flails
  5583 | D:5      | Found Pyenait's Magic Scroll Emporium.
  5609 | D:5      | Bought a scroll of enchant weapon for 105 gold pieces
  5609 | D:5      | Bought a scroll of enchant weapon for 105 gold pieces
  6133 | D:6      | Reached skill level 5 in Fighting
  6133 | D:6      | Reached skill level 1 in Shields
  6159 | D:6      | Reached skill level 4 in Maces & Flails
  6281 | D:6      | Reached skill level 5 in Maces & Flails
  6399 | D:6      | Reached XP level 9. HP: 68/68 MP: 9/9
  6585 | D:6      | Noticed Pikel
  6594 | D:6      | Killed Pikel
  6682 | D:6      | Reached skill level 6 in Maces & Flails
  6784 | D:6      | Noticed Edmund
  6794 | D:6      | Killed Edmund
  7223 | D:7      | Found a staircase to the Ecumenical Temple.
  7341 | D:7      | Reached skill level 7 in Maces & Flails
  7613 | D:7      | Found an opulent altar of Gozag.
  7614 | D:7      | Found a sparkling altar of Nemelex Xobeh.
  7686 | D:8      | Found Visiyse's Jewellery Shop.
  7776 | D:8      | Reached **** piety under Trog
  7799 | D:8      | Noticed a two-headed ogre
  7807 | D:8      | Killed a two-headed ogre
  7808 | D:8      | Gained mutation: A meltable icy envelope protects you from
                  | harm. (AC +0) [demonic ancestry]
  7808 | D:8      | Reached XP level 10. HP: 59/77 MP: 8/10
  8043 | D:8      | Found a runed translucent gate.
  8043 | D:8      | Found a runed translucent gate.
  8043 | D:8      | Found a runed translucent gate.
  8047 | D:8      | Noticed AttackTheMoon's ghost (novice TrBe)
  8074 | D:8      | Reached skill level 8 in Maces & Flails
  8084 | D:8      | Killed AttackTheMoon's ghost
  8085 | D:8      | Reached skill level 5 in Armour
  8360 | D:8      | Found a radiant altar of Vehumet.
  8470 | D:8      | Found a hazy altar of Hepliaklqana.
  8973 | D:8      | Upgraded the game from 0.28-a0-819-g6ef7baa362 to
                  | 0.28-a0-828-g0121872642
  8987 | D:9      | Found Isaefir's Jewellery Shop.
  9017 | D:9      | Found a flagged portal.
  9243 | D:9      | Noticed a two-headed ogre
  9252 | D:9      | Killed a two-headed ogre
  9393 | D:9      | Noticed a two-headed ogre
  9403 | D:9      | Killed a two-headed ogre
  9404 | D:9      | Reached skill level 9 in Maces & Flails
  9404 | D:9      | Reached skill level 5 in Dodging
  9617 | D:9      | Reached ***** piety under Trog
  9654 | D:9      | Noticed a two-headed ogre
  9664 | D:9      | Killed a two-headed ogre
  9665 | D:9      | Gained mutation: You have a pair of antennae on your head.
                  | [demonic ancestry]
  9665 | D:9      | Reached XP level 11. HP: 61/84 MP: 7/11
  9915 | D:9      | Found an ornate altar of the Wu Jian Council.
 10346 | D:10     | Entered Level 10 of the Dungeon
 10352 | D:10     | Noticed Gastronok
 10352 | D:10     | Noticed a two-headed ogre
 10360 | D:10     | Killed a two-headed ogre
 10373 | D:10     | Killed Gastronok
 10374 | D:10     | Reached skill level 10 in Maces & Flails
 10551 | D:10     | Found a staircase to the Lair.
 10982 | D:10     | Found a broken altar of Ashenzari.
 11242 | Lair:1   | Entered Level 1 of the Lair of Beasts
 11271 | Lair:1   | Noticed a four-headed hydra
 11278 | Lair:1   | Killed a four-headed hydra
 11578 | Lair:1   | Noticed a seven-headed hydra
 11583 | Lair:1   | Killed a seven-headed hydra
 11788 | Lair:1   | Reached skill level 11 in Maces & Flails
 12362 | Lair:2   | Killed from afar by a burning bush

Illustrated notes

Levels and vault maps discovered:
D:1:      minmay_arrival_open_corners, layout_basic,
          shapermc_ecumenical_altar_starsandcircs
D:2:      layout_loops_ring
D:3:      layout_loops_corners, fedhas_altar_1, lemuel_doored_altar,
          uniq_terence, uniq_robin, uniq_natasha, uniq_grinder
D:4:      layout_rooms, mainiacjoe_overflow_surrounded_room,
          nicolae_overflow_crystal_walls, mainiacjoe_overflow_small_starburst,
          mainiacjoe_overflow_boulevard,
          mainiacjoe_overflow_concentric_impassable, serial_bayou_lagoon_b,
          uniq_crazy_yiuf_cottage
D:5:      cheibrodos_thug_alley, layout_cave_pods, serial_shops, shop_coins
D:6:      layout_loops_ring, uniq_pikel, uniq_edmund
D:7:      layout_cave_pools, grunt_temple_overflow_opulence,
          minmay_temple_entry_butterflies, minmay_misc_feat_hallway,
          dk_vineyard_2
D:8:      layout_cave_pods, mainiacjoe_overflow_alcove_4, old_standard_altar,
          gammafunk_ghost_nasty_kobolds, serial_shops, kennysheep_mini
D:9:      layout_stronghold, marbit_many_paths, enter_bailey_6, serial_shops,
          shop_coins
D:10:     layout_basic, ashenzari_conservatory_becter, lair_entry_dummy,
          minmay_starry_boxes, uniq_gastronok
Lair:1:   layout_cave_pods
Lair:2:   layout_loops_ring, minmay_shoals_entry_hut,
          nicolae_volcano_entry_hallway, evilmike_ambush
          [evilmike_ambush_outer_basic, evilmike_ambush_inner_basic], uniq_erica

Skill      XL: |  1  2  3  4  5  6  7  8  9 10 11 |
---------------+----------------------------------+-----
Axes           | 3 4 5 6 |  6.4
Dodging        | 2 3 4 5 |  5.9
Stealth        | 1 2 3 4 |  4.1
Fighting       | 4 5 6 7 8 |  8.4
Armour         | 2 3 4 6 7 |  7.5
Maces & Flails | 1 5 7 9 11 | 11.0
Shields        | 1 2 3 |  3.6

Action                   |  1- 3 |  4- 6 |  7- 9 | 10-12 || total
-------------------------+-------+-------+-------+-------++-------
Melee: Hand axe          |    90 |    73 |    23 |       ||   186
       Kick              |       |    28 |    76 |    90 ||   194
       Morningstar       |       |       |   120 |       ||   120
       Flail             |       |       |    56 |   220 ||   276
Invok: Berserk           |     3 |     2 |     5 |     7 ||    17
       Trog's Hand       |       |     2 |     2 |     3 ||     7
  Use: Scroll            |     6 |     1 |    11 |     6 ||    24
       Potion            |       |     1 |     1 |     4 ||     6
 Stab: Sleeping          |     3 |     3 |     2 |       ||     8
Armor: Animal skin       |    20 |     8 |     1 |       ||    29
       Scale mail        |       |       |    45 |   104 ||   149
Dodge: Dodged            |    41 |    30 |   169 |   225 ||   465
Block: Other             |       |     7 |    36 |    47 ||    90

Table legend: (Time is in decaauts)
 A = Elapsed time spent in this place.
 B = Non-inter-level travel time spent in this place.
 C = Inter-level travel time spent in this place.
 D = Time resting spent in this place.
 E = Time spent auto-exploring this place.
 F = Levels seen in this place.
 G = Mean time per level.
                   A        B        C        D        E       F      G
               +--------+--------+--------+--------+--------+-----+--------+
         Total |  12551 |  12228 |    323 |   2201 |   6560 |  12 | 1045.9 |
       Dungeon |  11407 |  11116 |    291 |   2003 |   5928 |  10 | 1140.7 |
          Lair |   1144 |   1112 |     32 |    198 |    632 |   2 |  572.0 |
               +--------+--------+--------+--------+--------+-----+--------+

Top non-repeatable levels by time:
     D:3: 1522 daAuts
     D:8: 1377 daAuts
     D:9: 1322 daAuts
     D:2: 1253 daAuts
     D:5: 1239 daAuts
     D:1: 1228 daAuts
  Lair:1: 1122 daAuts
     D:4: 978 daAuts
     D:6: 915 daAuts
    D:10: 889 daAuts
     D:7: 680 daAuts
  Lair:2: 21 daAuts
